 Dungeon Crawl Stone Soup version 0.19-a0-503-g45a6586 (webtiles) character file.

289 st0uf the Charmwright (level 6, 0/51 HPs)
             Began as a Draconian Skald on June 5, 2016.
             Was a Believer of Jiyva.
             Slain by a river rat (10 damage)
             ... on level 4 of the Dungeon.
             The game lasted 00:13:19 (2743 turns).

st0uf the Charmwright (Draconian Skald)             Turns: 2743, Time: 00:13:20

Health: 0/51       AC:  6    Str: 16 (17) XL:     6   Next: 9%
Magic:  8/9        EV: 10    Int: 10 (12) God:    Jiyva [**....]
Gold:   193        SH:  7    Dex:  9 (10) Spells: 3 memorised, 4 levels left

rFire  . . .     SeeInvis .     a - +0 mace
rCold  . . .     Gourm    .     (armour unavailable)
rNeg   + . .     Faith    .     t - +0 shield
rPois  .         Spirit   .     (helmet restricted)
rElec  .         Dismiss  .     (no cloak)
rCorr  .         Reflect  .     (no gloves)
SustAt .         Harm     .     (no boots)
MR     .....                    (no amulet)
Stlth  ..........               f - ring of positive energy
                                i - ring of loudness (curse)

@: infused (expiring), not resistant to hostile enchantments, extremely
unstealthy
A: unfitting armour, cold-blooded, AC +6
a: Request Jelly, Jelly Paralyse, Renounce Religion


You were on level 4 of the Dungeon.
You worshipped Jiyva.
Jiyva was pleased with you.
You were not hungry.

You visited 1 branch of the dungeon, and saw 4 of its levels.

You collected 193 gold pieces.

Inventory:

Hand Weapons
 a - a +0 mace (weapon)
 y - a +0 whip of pain
Armour
 t - a +0 shield (worn)
Jewellery
 f - a ring of positive energy (right hand)
 i - a cursed ring of loudness (left hand)
 x - an uncursed ring of protection from cold {unknown}
Scrolls
 j - 6 scrolls of immolation {unknown}
 m - 5 scrolls of remove curse {unknown}
 q - 3 scrolls of blinking {unknown}
 w - 3 scrolls of enchant weapon {unknown}
 z - a scroll of identify {unknown}
Potions
 o - a potion of haste
Books
 b - a book of Battle

   Spells                             Type                      Level
   a - Infusion                       Charms                       1
   b - Shroud of Golubria             Charms/Translocation         2
   c - Song of Slaying                Charms                       2
   d - Spectral Weapon                Hexes/Charms                 3
   e - Regeneration                   Charms/Necromancy            3
Comestibles
 c - 3 bread rations
 l - 2 chunks of flesh
 n - 5 beef jerkies
 r - 2 meat rations


   Skills:
 + Level 3.5 Fighting
 + Level 3.5 Maces & Flails
 + Level 3.4 Dodging
 + Level 0.8 Shields
 - Level 2.0 Spellcasting
 + Level 3.6 Charms


You had 4 spell levels left.
You knew the following spells:

 Your Spells              Type           Power        Failure   Level  Hunger
a - Infusion              Chrm           #...         45%         1    ##.....
b - Song of Slaying       Chrm           #.......     71%         2    ###....
c - Shroud of Golubria    Chrm/Tloc      #.........   98%         2    ###....


Dungeon Overview and Level Annotations

Branches:
Dungeon (4/15)
 Temple: D:4-7

Altars:
Ashenzari
Okawaru
Yredelemnul
Jiyva


Innate Abilities, Weirdness & Mutations

Your plain brown scales are hard. (AC +6)
Your body does not fit into most forms of armour.
You are cold-blooded and may be slowed by cold attacks.


Message History

The river rat bites you but does no damage. x2
You closely miss the river rat.
The river rat is almost dead.
Your magical infusion is running out.
The river rat bites you.
* * * LOW HITPOINT WARNING * * *
Your unstable footing causes you to fumble your attack.
You hear the brisk rusting of a drain.
The river rat bites you but does no damage.
The river rat bites you.
* * * LOW HITPOINT WARNING * * *
Your unstable footing causes you to fumble your attack.
The river rat closely misses you.
You hit the river rat.
You tail-slap the river rat, but do no damage.
The river rat is almost dead.
The river rat barely misses you.
Your unstable footing causes you to fumble your attack.
The river rat bites you!
You die...

####
#≈≈####≈≈##
≈≈≈wssr≈≈≈#
#@≈# ##≈# ###
#≈# #.. #÷# #
#.##### ##≈#
##
#.##≈≈####≈≈##
.#
#..≈≈≈≈≈≈≈≈≈≈#
##
#<##≈≈####≈≈##
#
#.######.####


You could see a worm, a river rat and 2 giant cockroaches.

Vanquished Creatures
  A centaur (D:3)
  2 orc wizards (D:4)
  A worker ant (D:4)
  A hound skeleton (D:4)
  3 adders (D:2)
  An ooze (D:3)
  2 worms (D:2)
  A dart slug (D:1)
  5 giant geckos
  11 orcs
  6 bats
  4 giant cockroaches
  2 gnoll zombies (D:2)
  8 goblins
  6 hobgoblins
  6 kobolds
  A ball python (D:3)
  4 giant newts
  2 rats
67 creatures vanquished.

Vanquished Creatures (others)
  A quokka (D:4)
  A kobold (D:4)
2 creatures vanquished.

Grand Total: 69 creatures vanquished

Notes
Turn   | Place    | Note
--------------------------------------------------------------
     0 | D:1      | st0uf the Draconian Skald began the quest for the Orb.
     0 | D:1      | Reached XP level 1. HP: 17/17 MP: 3/3
    81 | D:1      | Reached XP level 2. HP: 7/25 MP: 5/5
   863 | D:2      | Reached XP level 3. HP: 28/30 MP: 3/6
  1099 | D:2      | Found an iron altar of Okawaru.
  1329 | D:2      | Found a basalt altar of Yredelemnul.
  1569 | D:2      | Reached XP level 4. HP: 28/37 MP: 0/7
  1994 | D:3      | Found a faded altar of an unknown god.
  2036 | D:3      | Became a worshipper of Jiyva Jaash the Shapeless
  2036 | D:3      | Reached * piety under Jiyva
  2094 | D:3      | Learned a level 2 spell: Song of Slaying
  2097 | D:3      | Learned a level 2 spell: Shroud of Golubria
  2180 | D:3      | Reached ** piety under Jiyva
  2231 | D:3      | Noticed a centaur
  2242 | D:3      | Killed a centaur
  2242 | D:3      | Reached XP level 5. HP: 28/45 MP: 3/8
  2366 | D:4      | Noticed a phantom
  2373 | D:4      | Found a shattered altar of Ashenzari.
  2569 | D:4      | Reached XP level 6. HP: 24/51 MP: 9/9
  2743 | D:4      | Slain by a river rat

Vault maps used:
D:1:      dpeg_arrival_tiny_a
D:2:      okawaru_trees_2, lemuel_zombie_altar_yredelemnul
D:3:      ecumenical_altar_1, serial_bayou_ford_a
D:4:      marbit_many_paths, minmay_temple_entry_junction, first_bread,
          gup_sewer_entry_bubbles, nicolae_ashenzari_panopticon

Skill      XL: |  1  2  3  4  5 |
---------------+----------------+-----
Charms         | 3 |  3.6
Dodging        | 2 3 |  3.4
Maces & Flails | 3 |  3.5
Fighting       | 3 |  3.5
Shields        | |  0.8
Spellcasting   | |  2.0

Action                   |  1- 3 |  4- 6 || total
-------------------------+-------+-------++-------
Melee: Mace              |    96 |   150 ||   246
       Tailslap          |     9 |    14 ||    23
 Cast: Infusion          |    15 |     7 ||    22
  Use: Potion            |       |     6 ||     6
       Scroll            |       |     4 ||     4
 Stab: Invisible         |       |     1 ||     1
  Eat: Chunk             |     3 |     4 ||     7
Armor: Skin              |    30 |    59 ||    89
Dodge: Dodged            |    62 |    89 ||   151
Block: Shield            |       |    33 ||    33
